 Dungeon Crawl Stone Soup version 0.29.1-12-g30fa7ad0bf (webtiles) character file.

Game seed: 9743843537938939788

4335 Gabide the Grappler (level 10, -2/80 HPs)
             Began as a Mummy Berserker on Dec 26, 2022.
             Was an Elder of Trog.
             Slain by an orc warrior
             ... wielding a +0 short sword
              (7 damage)
             ... on level 9 of the Dungeon.
             The game lasted 00:09:33 (7965 turns).

Gabide the Grappler (Mummy Berserker)               Turns: 7965, Time: 00:09:33

Health: -2/80      AC:  7    Str: 25    XL:     10   Next: 12%
Magic:  0/10       EV: 13    Int: 10    God:    Trog [****..]
Gold:   503        SH:  0    Dex: 12    Spells: 9/9 levels left

rFire   . . .      SeeInvis +   l - +9 quarterstaff "Ypeinorph" {vorpal, Drain rN+ Int+4 SInv}
rCold   + . .      Faith    .   (shield currently unavailable)
rNeg    + + +      Spirit   +   b - +0 ring mail
rPois   ∞          Reflect  .   i - +1 hat {Will+}
rElec   .          Harm     .   (no cloak)
rCorr   .          Rampage  .   d - +0 pair of gloves
Will    +++..                   (no boots)
Stlth   +.........              v - amulet of guardian spirit
HPRegen 0.23/turn               j - ring of willpower
MPRegen 0.12/turn               k - ring of protection from fire

@: studying Dodging
A: cold resistance 1, negative energy resistance 3, torment resistance 2, heat
vulnerability 1, in touch with death 1, no potions
a: Renounce Religion, Trog's Hand, Brothers in Arms


You were on level 9 of the Dungeon.
You worshipped Trog.
Trog was greatly pleased with you.
You visited 1 branch of the dungeon, and saw 10 of its levels.

You collected 503 gold pieces.

Inventory:

Hand Weapons
 l - the +9 quarterstaff "Ypeinorph" (weapon) {vorpal, Drain rN+ Int+4 SInv}
   (You found it on level 4 of the Dungeon)

   It inflicts extra damage upon your enemies.
   Int:       It affects your intelligence (+4).
   rN:        It protects you from negative energy.
   SInv:      It lets you see invisible.
   Drain:     It drains your maximum health when unequipped.
Missiles
 c - a javelin
 m - 5 datura-tipped darts
 u - 6 boomerangs (quivered)
Armour
 b - a +0 ring mail (worn)
 d - a +0 pair of gloves (worn)
 i - a +1 hat of willpower (worn)
 t - a +2 cloak
Jewellery
 j - a ring of willpower (left hand)
 k - a ring of protection from fire (right hand)
 q - a ring of see invisible
 v - an amulet of guardian spirit (around neck)
 x - an amulet of faith
Wands
 p - a wand of roots (2)
Scrolls
 a - a scroll of vulnerability
 e - a scroll of blinking
 f - 2 scrolls of poison
 g - a scroll of brand weapon
 h - 2 scrolls of teleportation
 n - a scroll of enchant weapon
 o - a scroll of immolation
 r - 4 scrolls of magic mapping
 s - a scroll of fog {unknown}


   Skills:
 + Level 8.0 Fighting
 - Level 1.5 Armour
 + Level 7.2 Dodging
 * Level 9.2 Unarmed Combat


You had 9 spell levels left.
You didn't know any spells.
Your spell library was empty.

Dungeon Overview and Level Annotations

Branches:
Dungeon (10/15)            Temple (0/1) D:6            Lair (0/5) D:9
    Orc: D:9-12

Altars:
Cheibriados
Fedhas
Kikubaaqudgha
Makhleb
Okawaru
Qazlal
Trog
Vehumet
Yredelemnul

Annotations:
D:4 2 runed translucent doors, duchin's ghost, amateur HOGl


Innate Abilities, Weirdness & Mutations

You are immune to poison.
Your flesh is cold resistant. (rC+)
You are immune to negative energy. (rN+++)
You are immune to unholy pain and torment.
You are vulnerable to heat. (rF-)
You are in touch with the powers of death.
You do not drink.


Message History

Press: ? - help, Q - select action, (/) - cycle Shift-Dir - straight line, f/p - orc warrior
Aim: an orc warrior, wielding a +0 short sword and wearing a +0 plate armour (62% to hit)
Okay, then.
Unknown command.
You hit the orc warrior.
The orc warrior is moderately wounded.
The orc warrior hits you with a +0 short sword!
You hit the orc warrior.
The orc warrior is moderately wounded.
The orc warrior hits you with a +0 short sword.
You hit the orc warrior but do no damage.
The orc warrior is moderately wounded.
The orc warrior closely misses you.
You hit the orc warrior but do no damage.
The orc warrior is moderately wounded.
The orc warrior hits you with a +0 short sword! x2
* * * LOW HITPOINT WARNING * * *
You sock the orc warrior!
The orc warrior is heavily wounded.
The orc warrior barely misses you.
You barely miss the orc warrior.
The orc warrior is heavily wounded.
The orc warrior closely misses you.
You hit the orc warrior but do no damage.
The orc warrior is heavily wounded.
The orc warrior hits you with a +0 short sword. x2
* * * LOW HITPOINT WARNING * * *
You closely miss the orc warrior.
The orc warrior is heavily wounded.
The orc warrior hits you with a +0 short sword.
* * * LOW HITPOINT WARNING * * *
You hit the orc warrior but do no damage.
The orc warrior is heavily wounded.
The orc warrior hits you with a +0 short sword!
* * * LOW HITPOINT WARNING * * *
You hit the orc warrior.
The orc warrior is severely wounded.
The orc warrior barely misses you.
The orc warrior hits you with a +0 short sword!
You die...

#.# #.# #.# ## #.#
... #.# ..#.
####.####....
#.)..(.......
#)###........ #@#
#).##.... #o# #..#
.#
#.####)###).##..#
#...).)......[.$..
#####>..).###....#
#..#...≈...#..
#...#..#...#..##
#.###.##P..##.# #.
#..P..P...#


You could see an orc warrior.

Vanquished Creatures
  A two-headed ogre (D:9)
  Maurice (D:9)
  Psyche (D:8)
  Grinder (D:6)
  A hornet (D:7)
  Eustachio (D:6)
  A wyvern (D:7)
  2 water moccasins
  2 orc warriors
  A sky beast (D:7)
  A black bear (D:5)
  4 ice beasts
  A centaur (D:7)
  A kobold brigand (D:9)
  2 phantoms (D:4)
  5 bullfrogs
  A gnoll sergeant (D:5)
  2 scorpions (D:4)
  4 killer bees
  2 howler monkeys
  3 hounds
  3 orc priests
  2 iguanas (D:4)
  5 orc wizards
  7 adders
  A shadow imp (D:5)
  A white imp (D:7)
  A worm (D:2)
  2 dart slugs
  13 orcs
  6 ball pythons
  4 endoplasms (D:3)
  3 giant cockroaches (D:2)
  10 goblins
  13 hobgoblins
  2 jackals (D:2)
  10 kobolds
  4 quokkas
  2 bats (D:2)
  4 frilled lizards
  9 rats
140 creatures vanquished.

Vanquished Creatures (others)
  A fungus (D:9)
  5 plants (D:9)
6 creatures vanquished.

Grand Total: 146 creatures vanquished

Notes
Turn   | Place    | Note
-------+----------+-------------------------------------------
     0 | D:1      | Gabide the Mummy Berserker began the quest for the Orb.
     0 | D:1      | Reached XP level 1. HP: 18/18 MP: 1/1
   229 | D:1      | Reached XP level 2. HP: 23/24 MP: 2/2
   724 | D:2      | Reached ** piety under Trog
   759 | D:2      | Reached skill level 3 in Unarmed Combat
   759 | D:2      | Gained mutation: You are in touch with the powers of death.
                  | [Mummy growth]
   759 | D:2      | Reached XP level 3. HP: 22/29 MP: 3/3
  1410 | D:3      | Reached XP level 4. HP: 36/36 MP: 4/4
  1736 | D:3      | Reached XP level 5. HP: 42/42 MP: 5/5
  1818 | D:3      | Found a faded altar of an unknown god.
  2013 | D:3      | Found a bloodstained altar of Trog.
  2317 | D:3      | Identified a scroll of acquirement
  2318 | D:3      | Acquired a +1 hat of willpower
  2344 | D:4      | Reached skill level 4 in Unarmed Combat
  2476 | D:4      | Reached *** piety under Trog
  2560 | D:4      | Reached XP level 6. HP: 15/48 MP: 6/6
  2800 | D:4      | Identified the +9 quarterstaff "Ypeinorph" {vorpal, Drain
                  | rN+ Int+4 SInv}
  2947 | D:4      | Found a large runed translucent door.
  2948 | D:4      | Noticed duchin's ghost (amateur HOGl)
  2955 | D:4      | Found a large runed translucent door.
  2960 | D:4      | Reached skill level 5 in Unarmed Combat
  2997 | D:4      | Reached XP level 7. HP: 34/55 MP: 7/7
  3125 | D:4      | Found a snail-covered altar of Cheibriados.
  3284 | D:5      | Entered Level 5 of the Dungeon
  3437 | D:5      | Found an iron altar of Okawaru.
  3731 | D:5      | Found a large runed translucent door.
  3735 | D:5      | Found a large runed translucent door.
  3749 | D:5      | Reached skill level 5 in Fighting
  4396 | D:5      | Found a stormy altar of Qazlal.
  4415 | D:5      | Found a burning altar of Makhleb.
  4498 | D:6      | Noticed Eustachio
  4501 | D:6      | Found a staircase to the Ecumenical Temple.
  4505 | D:6      | Killed Eustachio
  4506 | D:6      | Reached skill level 6 in Unarmed Combat
  4506 | D:6      | Reached XP level 8. HP: 60/63 MP: 8/8
  4793 | D:6      | Found a radiant altar of Vehumet.
  4975 | D:6      | Noticed Grinder
  4989 | D:6      | Killed Grinder
  5455 | D:7      | Reached skill level 7 in Unarmed Combat
  5595 | D:7      | Reached skill level 5 in Dodging
  5695 | D:7      | HP: 2/65 [bullfrog (5)]
  6127 | D:7      | Reached XP level 9. HP: 44/71 MP: 9/9
  6269 | D:7      | Found an ancient bone altar of Kikubaaqudgha.
  6590 | D:7      | Acquired a manual of Dodging
  6859 | D:8      | Reached skill level 8 in Unarmed Combat
  7010 | D:8      | Noticed Psyche
  7017 | D:8      | Killed Psyche
  7062 | D:8      | Found a blossoming altar of Fedhas.
  7364 | D:8      | Found a basalt altar of Yredelemnul.
  7388 | D:8      | You fall into a shaft and drop 2 floors!
  7388 | D:10     | Entered Level 10 of the Dungeon
  7578 | D:9      | Noticed a two-headed ogre
  7587 | D:9      | Killed a two-headed ogre
  7617 | D:9      | Found a staircase to the Lair.
  7634 | D:9      | Reached skill level 9 in Unarmed Combat
  7643 | D:9      | Noticed Maurice
  7654 | D:9      | Killed Maurice
  7654 | D:9      | Reached **** piety under Trog
  7655 | D:9      | Reached XP level 10. HP: 50/80 MP: 8/10
  7965 | D:9      | Slain by an orc warrior

Illustrated notes

Levels and vault maps discovered:
D:1:      lightli_molten_gateway, layout_rooms
D:2:      layout_rooms
D:3:      wad_crossroads, layout_basic, mainiacjoe_overflow_24_doors,
          dilly_ecumenical_altar_fadedgnrine
D:4:      layout_cave_pools, cheibriados_altar_1, ebering_ghost_disaster_area
D:5:      layout_layer_cave, overflow_temple_1_default, jmf_multi_god_temple2,
          hellmonk_bongcloud_opening, serial_bayou_lagoon_b
D:6:      layout_loops_corners, mainiacjoe_overflow_boulevard,
          minmay_temple_entry_sparse_star, uniq_eustachio, uniq_grinder
D:7:      layout_rooms, mainiacjoe_overflow_brackets, kennysheep_mini
D:8:      layout_basic, marbit_many_paths, mainiacjoe_overflow_swirl,
          uniq_psyche
D:9:      layout_loops_ring, mainiacjoe_overflow_alcove_4, lemuel_crystal_altar,
          dpeg_oklobed_lair, special_room [special_room_orc], uniq_maurice
D:10:     minmay_coctagon, layout_irregular_city,
          mainiacjoe_overflow_cross_hatched,
          nicolae_gozag_cash_rules_everything_around_me,
          nicolae_uskayaw_dance_studio, minmay_orc_entry_temple_small, uniq_grum

Skill      XL: |  1  2  3  4  5  6  7  8  9 10 |
---------------+-------------------------------+-----
Dodging        | 2 3 4 5 7 |  7.2
Unarmed Combat | 3 4 5 6 7 9 |  9.2
Fighting       | 4 5 6 7 8 |  8.0
Armour         | |  1.5

Action                   |  1- 3 |  4- 6 |  7- 9 | 10-12 || total
-------------------------+-------+-------+-------+-------++-------
Melee: Unarmed           |   140 |   124 |       |       ||   264
       Punch             |     1 |     3 |       |       ||     4
       Quarterstaff      |       |    15 |   162 |    40 ||   217
Throw: Javelin           |    11 |     5 |     3 |       ||    19
       Dart              |     2 |     4 |     9 |       ||    15
       Boomerang         |       |       |     9 |    10 ||    19
Invok: Trog's Hand       |     1 |     1 |     3 |       ||     5
Evoke: Wand              |       |       |     6 |       ||     6
  Use: Scroll            |     4 |     2 |     6 |       ||    12
Armor: Ring mail         |    48 |    47 |    84 |     6 ||   185
Dodge: Dodged            |    76 |    81 |   134 |    25 ||   316
